 Dungeon Crawl Stone Soup version 0.32-a0-520-g344ed53f66 (webtiles) character file.

Game seed: 10076957598150389830

12326 promet the Grappler (level 11, -9/98 HPs)
             Began as a Troll Monk on Feb 26, 2024.
             Was an Elder of Hepliaklqana.
             Mangled by Snorg (13 damage)
             ... on level 10 of the Dungeon on Feb 27, 2024.
             The game lasted 01:01:43 (11029 turns).

promet the Grappler (Troll Monk)                   Turns: 11029, Time: 01:01:49

Health: -9/98      AC: 10    Str: 21    XL:     11   Next: 61%
Magic:  12/12      EV: 15    Int: 10    God:    Hepliaklqana [****..]
Gold:   1328       SH:  0    Dex: 12    Spells: 7/10 levels left

rFire   . . .        b - +2 sling (drain)
rCold   . . .        n - orb {light}
rNeg    . . .        y - +0 swamp dragon scales
rPois   +            (helmet restricted)
rElec   .            (no cloak)
rCorr   .            (gloves unavailable)
SInv    .            (boots unavailable)
Will    +....        (no amulet) Stlth
                     E - ring of willpower
HPRegen 1.16/turn    u - +5 ring of evasion
MPRegen 0.13/turn

%: no passive effects
@: confused, mighty, ambrosia-drunk, glowing
A: reduced essence, large, unfitting armour, claws 3, regeneration 1, shaggy fur
1, tough skin 1
a: Renounce Religion, Recall Ancestor, Ancestor Identity, Transference, Idealise


You were on level 10 of the Dungeon.
You worshipped Hepliaklqana.
Hepliaklqana was greatly pleased with you.
You visited 1 branch of the dungeon, and saw 10 of its levels.

You collected 1328 gold pieces.

Inventory:

Hand Weapons
 b - a +2 sling of draining (weapon)
 c - a +0 trident
 p - a +0 orcbow
 s - a +0 halberd
 x - a +2 broad axe of draining
 z - a +5 hand axe
 A - a +3 battleaxe
Missiles
 d - 108 stones
 e - 10 large rocks
 h - 22 poisoned darts
 F - a throwing net
Armour
 a - a +0 robe
 n - an orb of light (worn)
 y - +0 swamp dragon scales (worn)
Jewellery
 m - a ring of resist corrosion
 u - a +5 ring of evasion (right claw)
 D - an amulet of faith
 E - a ring of willpower (left claw)
Wands
 i - a wand of flame (37)
 B - a wand of digging (7)
 C - a wand of acid (8)
 G - a wand of polymorph (4)
 J - a wand of mindburst (7)
Scrolls
 f - a scroll of amnesia
 g - 3 scrolls of fog
 q - 2 scrolls of fear
 r - 2 scrolls of immolation
 I - a scroll of revelation
 K - a scroll of vulnerability
Potions
 k - 2 potions of cancellation
 l - 3 potions of brilliance
 o - 4 potions of curing
 v - 2 potions of attraction
 w - a potion of magic


   Skills:
 * Level 7.2 Fighting
 + Level 1.4(2.7) Axes
 + Level 3.5(3.7) Polearms
 + Level 3.6 Ranged Weapons
 + Level 2.0 Throwing
 + Level 4.0 Armour
 + Level 5.1 Dodging
 + Level 2.9 Stealth
 + Level 9.6 Unarmed Combat
 * Level 5.1 Necromancy
 * Level 3.0 Invocations
 + Level 2.1 Evocations


You had 7 spell levels left.
You knew the following spells:

 Your Spells              Type           Power      Damage    Failure   Level
a - Fugue of the Fallen   Necr           10%        N/A       22%         3

Your spell library contained the following spells:

 Spells                   Type           Power      Damage    Failure   Level
 Ensorcelled Hibernation  Hex/Ice        0%         N/A       67%         2
 Anguish                  Hex/Necr       2%         N/A       91%         4
 Cause Fear               Hex            0%         N/A       99%         4
 Leda's Liquefaction      Alch/Erth      0%         N/A       99%         4
 Iskenderun's Battlesphe  Conj           0%         2d6       100%        5
 Lee's Rapid Deconstruct  Erth           0%         3d4*      100%        5
 Summon Mana Viper        Hex/Summ       0%         N/A       100%        5
 Bombard                  Conj/Erth      0%         9d1       100%        6
 Spellforged Servitor     Conj/Summ      0%         N/A       100%        7


Dungeon Overview and Level Annotations

Branches:
Dungeon (10/15)            Temple (0/1) D:5            Lair (0/5) D:8
    Orc: D:9-12

Altars:
Hepliaklqana
Kikubaaqudgha
Nemelex Xobeh
Okawaru
Trog
Vehumet
The Shining One

Shops:
D:2 *   D:10 *

Annotations:
D:2 Sigmund
D:10 Snorg


Innate Abilities, Weirdness & Mutations

Your life essence is reduced to manifest your ancestor. (-10% HP)
You are too large for most types of armour.
You have claws for hands.
Your natural rate of healing is unusually fast.
You are covered in fur. (AC +1)
You have tough skin. (AC +1)


Message History

Found a scroll of identify.
Found 4 stones.
You now have 644 gold pieces (gained 17).
L - a scroll of identify
Okay, then.
As you read the scroll of identify, it crumbles to dust.
H - a scroll of acquirement Something appears at your feet!
You now have 1328 gold pieces (gained 684).
d - 108 stones (gained 4) Snorg the Insatiable comes into view.
Snorg shouts!
A flash of anger passes briefly over Snorg's face.
Snorg goes berserk!
Snorg barely misses you. Snorg closely misses you. Snorg claws you!
Snorg closely misses you. Snorg barely misses you. Snorg claws you.
You shoot a sling bullet. The sling bullet barely misses Snorg.
Snorg bites you! Snorg claws you. Snorg claws you but does no damage.
Orgh misses Snorg.
Snorg bites you!! Snorg barely misses you. Snorg closely misses you.
You shoot a sling bullet. The sling bullet hits Snorg.
Snorg is lightly wounded.
Orgh misses Snorg.
Snorg closely misses you. Snorg misses you. Snorg claws you.
Orgh hits Snorg with a +0 quarterstaff!!
Snorg bites you but does no damage. Snorg claws you! Snorg closely misses you.
You feel very mighty all of a sudden. Snorg bites you. Snorg claws you!
* * * LOW HITPOINT WARNING * * *
Snorg claws you!
* * * LOW HITPOINT WARNING * * *
Orgh barely misses Snorg.
Okay, then.
You are confused.
You feel invigorated. Snorg bites you.
* * * LOW HITPOINT WARNING * * *
Snorg claws you!
* * * LOW HITPOINT WARNING * * *
Snorg claws you but does no damage. Snorg closely misses you. Snorg claws you!
You die...
Hepliaklqana delivers you to your ancestors.

.####.# .# #.## ##
#..# #..## #...##
#....##
####..##############
#.......RT.......
#########@...##.
###.## .. ... ###


You could see the friendly Orgh the battlemage and Snorg (berserk, ally target).

Vanquished Creatures
  Harold (D:9)
  A two-headed ogre (D:8)
  A cyclops (D:10)
  Maggie (D:7)
  A hornet (D:7)
  Grinder (D:6)
  2 spriggans (D:10)
  2 wyverns (D:8)
  5 yaks
  A basilisk (D:8)
  Menkaure (D:6)
  Edmund (D:6)
  3 vampire mosquitoes (D:10)
  3 acid dragons
  A water moccasin (D:8)
  A sky beast (D:6)
  An orc warrior (D:10)
  An ice beast (D:4)
  An ogre (D:6)
  2 centaurs
  A kobold brigand (D:9)
  A phantom (D:6)
  A bullfrog (D:7)
  3 scorpions
  3 wights (D:7)
  5 killer bees
  3 hounds
  A quasit (D:6)
  2 orc priests
  A gnoll bouda (D:7)
  Jessica (D:2)
  An orc wizard (D:8)
  A sleepcap (D:7)
  An iguana (D:6)
  4 adders
  14 gnolls
  A dart slug (D:2)
  2 ribbon worms (D:3)
  6 orcs
  4 ball pythons
  5 endoplasms
  2 giant cockroaches
  5 goblins
  A hobgoblin (D:3)
  4 quokkas
  4 bats (D:3)
  2 frilled lizards (D:1)
  A hobgoblin zombie (D:6)
  7 kobolds
  A kobold skeleton (D:6)
  2 kobold zombies (D:6)
  3 rats
124 creatures vanquished.

Vanquished Creatures (collateral kills)
  2 two-headed ogres
  Joseph (D:9)
  An unseen horror zombie (D:8)
  Psyche (D:8)
  A troll (D:10)
  A spriggan (D:10)
  A vampire (D:10)
  2 wyverns
  6 yaks
  A vampire mosquito (D:10)
  4 water moccasins
  2 black bears (D:8)
  An ogre (D:5)
  A wolf (D:8)
  3 centaurs
  A phantom (D:6)
  A gnoll sergeant (D:9)
  A wyvern zombie (D:8)
  A wight (D:8)
  A killer bee (D:9)
  2 howler monkeys
  A bombardier beetle (D:4)
  3 centaur zombies (D:8)
  An orc priest (D:10)
  5 iguanas
  3 orc wizards
  A sleepcap (D:8)
  A killer bee zombie (D:8)
  2 howler monkey zombies (D:8)
  15 gnolls
  2 adders (D:4)
  A shadow imp (D:5)
  A white imp (D:6)
  15 orcs
  A hobgoblin (D:4)
  2 kobolds (D:9)
  2 quokkas (D:4)
  A ball python (D:4)
  A hobgoblin zombie (D:6)
  A kobold zombie (D:6)
  3 orc skeletons (D:6)
  An orc zombie (D:6)
98 creatures vanquished.

Vanquished Creatures (others)
  6 battlemagi
  2 ancestors (D:4)
8 creatures vanquished.

Grand Total: 230 creatures vanquished

Notes
Turn   | Place    | Note
-------+----------+-------------------------------------------
     0 | D:1      | promet the Troll Monk began the quest for the Orb.
     0 | D:1      | Reached XP level 1. HP: 22/22 MP: 0/0
   972 | D:1      | Reached XP level 2. HP: 29/29 MP: 1/1
  1320 | D:2      | Noticed Jessica
  1322 | D:2      | Killed Jessica
  1323 | D:2      | Reached XP level 3. HP: 33/36 MP: 2/2
  1554 | D:2      | Found Yxzom's Assorted Antiques.
  1711 | D:2      | Upgraded the game from 0.32-a0-473-gd044c6f0f0 to
                  | 0.32-a0-520-g344ed53f66
  1778 | D:2      | Got Bogadilu's Discursus on Ill Luck
  1908 | D:2      | Noticed Sigmund
  2050 | D:3      | Reached skill level 4 in Unarmed Combat
  2122 | D:3      | Found a sparkling altar of Nemelex Xobeh.
  2230 | D:3      | Reached XP level 4. HP: 45/45 MP: 3/3
  2479 | D:3      | Found a hazy altar of Hepliaklqana.
  2531 | D:3      | Became a worshipper of Hepliaklqana the Forgotten
  2531 | D:3      | Reached * piety under Hepliaklqana
  2531 | D:3      | Reached ** piety under Hepliaklqana
  2603 | D:3      | Found a faded altar of an unknown god.
  3025 | D:3      | Reached XP level 5. HP: 18/47 MP: 4/4
  3446 | D:4      | You fall into a shaft and drop 3 floors!
  3481 | D:6      | Noticed a centaur
  3491 | D:6      | Reached skill level 5 in Unarmed Combat
  3495 | D:6      | Killed a centaur
  3496 | D:6      | Reached XP level 6. HP: 6/54 MP: 3/5
  3505 | D:5      | Entered Level 5 of the Dungeon
  4038 | D:4      | Noticed an ice beast
  4060 | D:4      | Killed an ice beast
  4061 | D:4      | Reached XP level 7. HP: 41/61 MP: 6/6
  4180 | D:4      | Remembered your ancestor Orgh as a battlemage
  4222 | D:4      | Reached skill level 6 in Unarmed Combat
  4396 | D:4      | Reached skill level 1 in Ranged Weapons
  4740 | D:5      | Found a staircase to the Ecumenical Temple.
  4904 | D:5      | Identified the beast talisman "Qaweso Qeas" {rC+ Str+2}
  4936 | D:5      | Reached skill level 1 in Stealth
  4975 | D:5      | Reached *** piety under Hepliaklqana
  5243 | D:6      | Found a glowing golden altar of the Shining One.
  5360 | D:6      | Noticed Grinder
  5362 | D:6      | Killed Grinder
  5363 | D:6      | Reached XP level 8. HP: 71/71 MP: 7/7
  5374 | D:6      | Learned a level 3 spell: Fugue of the Fallen
  5432 | D:6      | Found a bloodstained altar of Trog.
  5464 | D:6      | Noticed Edmund
  5470 | D:6      | Killed Edmund
  5673 | D:6      | Found an ancient bone altar of Kikubaaqudgha.
  5673 | D:6      | Noticed Menkaure
  5688 | D:6      | Killed Menkaure
  5689 | D:6      | Reached skill level 1 in Necromancy
  6131 | D:6      | Found an iron altar of Okawaru.
  6232 | D:6      | Reached skill level 5 in Fighting
  6237 | D:6      | Reached skill level 7 in Unarmed Combat
  6488 | D:7      | Reached XP level 9. HP: 77/78 MP: 8/8
  6512 | D:7      | Noticed Maggie
  6519 | D:7      | Killed Maggie
  6580 | D:7      | Reached skill level 1 in Throwing
  7083 | D:7      | Reached skill level 1 in Evocations
  7100 | D:7      | Identified the +6 scale mail of Eschoth {Str+5}
  7281 | D:8      | Reached skill level 8 in Unarmed Combat
  7292 | D:8      | Identified the +10 scale mail "Zimoskor" {rCorr Dex+5 SInv}
  7311 | D:8      | Reached skill level 1 in Armour
  7323 | D:8      | Noticed Psyche
  7495 | D:8      | Killed Psyche
  7526 | D:7      | Reached XP level 10. HP: 78/88 MP: 9/9
  7614 | D:7      | Reached skill level 9 in Unarmed Combat
  7979 | D:8      | Reached skill level 1 in Polearms
  8261 | D:8      | Found a staircase to the Lair.
  8349 | D:8      | Found a radiant altar of Vehumet.
  8653 | D:9      | Reached **** piety under Hepliaklqana
  8659 | D:9      | Noticed a two-headed ogre
  8679 | D:9      | Noticed a two-headed ogre
  8683 | D:8      | Killed a two-headed ogre
  8684 | D:8      | Reached skill level 1 in Invocations
  8804 | D:9      | Killed a two-headed ogre
  8805 | D:9      | Reached XP level 11. HP: 41/96 MP: 9/11
  8973 | D:9      | Noticed Harold
  9071 | D:9      | Killed Harold
  9074 | D:9      | Noticed a two-headed ogre
  9094 | D:8      | Killed a two-headed ogre
  9447 | D:9      | Reached skill level 1 in Axes
  9775 | D:9      | Noticed Joseph
  9782 | D:9      | Killed Joseph
  9908 | D:10     | Entered Level 10 of the Dungeon
 10029 | D:10     | Reached skill level 5 in Dodging
 10332 | D:10     | Found Iveikk's General Store.
 10745 | D:10     | Reached skill level 5 in Necromancy
 10973 | D:10     | Identified a scroll of acquirement
 10974 | D:10     | Acquired 684 gold pieces
 11021 | D:10     | Noticed Snorg
 11029 | D:10     | HP: 4/98 [Snorg (11)]
 11029 | D:10     | Mangled by Snorg

Illustrated notes

Levels and vault maps discovered:
D:1:      dpeg_arrival_castle, layout_basic, serial_curves, eino_curves_01,
          eino_curves_03
D:2:      layout_loops_cross, serial_shops, shop, uniq_sigmund, uniq_jessica
D:3:      layout_loops_cross, amcnicky_altar_gilded,
          mainiacjoe_overflow_catwalk, hellmonk_ecumenical_altar_leap_of_faith
D:4:      layout_loops_ring, saegor_snake_ambush
D:5:      layout_rooms, minmay_temple_entry_hall, serial_bayou,
          serial_bayou_ford_a, serial_bayou_pond_d, serial_bayou_pond_a,
          serial_bayou_crossing
D:6:      layout_loops_ring, lemuel_crystal_altar, nicolae_tso_besieged_by_evil,
          kiku_gazebo_garden_becter, mainiacjoe_overflow_tiny_flanked,
          uniq_grinder, uniq_menkaure, uniq_edmund
D:7:      layout_loops_ring, kennysheep_generic_room_4, uniq_maggie
D:8:      layout_rooms, vehumet_crystals, minmay_lair_entry_grove,
          serial_undead, serial_undead_c, serial_undead_e, serial_undead_f,
          serial_undead_e, minmay_gold_behind_fungi, uniq_psyche
D:9:      layout_cave_pools, uniq_joseph, uniq_harold
D:10:     kb_forest_paths, layout_basic, serial_shops, shop, uniq_snorg

Skill      XL: |  1  2  3  4  5  6  7  8  9 10 11 |
---------------+----------------------------------+-----
Unarmed Combat | 4 5 6 7 8 9 |  9.6
Fighting       | 3 4 5 6 7 |  7.2
Dodging        | 3 4 5 |  5.1
Ranged Weapons | 2 3 |  3.6
Stealth        | 1 2 |  2.9
Necromancy     | 2 3 4 5 |  5.1
Throwing       | 1 2 |  2.0
Evocations     | 1 2 |  2.1
Armour         | 1 3 4 |  4.0
Polearms       | 3 |  3.5
Invocations    | 1 3 |  3.0
Axes           | 1 |  1.4

Action                     |  1- 3 |  4- 6 |  7- 9 | 10-12 || total
---------------------------+-------+-------+-------+-------++-------
  Melee: Unarmed           |    57 |    56 |    95 |    76 ||   284
         Trident           |       |       |    13 |    72 ||    85
         Broad axe         |       |       |       |     3 ||     3
   Fire: Sling             |       |    33 |    16 |    25 ||    74
  Throw: Large rock        |       |       |     5 |    19 ||    24
 Invoke: Recall Ancestor   |       |     1 |     1 |     5 ||     7
         Ancestor Life: Ba |       |       |     1 |       ||     1
  Evoke: Wand              |       |     3 |    14 |       ||    17
    Use: Scroll            |     5 |     5 |     1 |     4 ||    15
         Potion            |       |     6 |       |     3 ||     9
   Stab: Distracted        |       |       |     1 |     5 ||     6
 Armour: Robe              |    21 |    77 |    26 |       ||   124
         Swamp dragon scal |       |       |    22 |   183 ||   205
  Dodge: Dodged            |    29 |    60 |    81 |   192 ||   362
         Repelled          |     1 |       |     1 |     1 ||     3

Table legend: (Time is in decaauts)
 A = Elapsed time spent in this place.
 B = Non-inter-level travel time spent in this place.
 C = Inter-level travel time spent in this place.
 D = Time resting spent in this place.
 E = Time spent auto-exploring this place.
 F = Levels seen in this place.
 G = Mean time per level.
                   A        B        C        D        E       F      G
               +--------+--------+--------+--------+--------+-----+--------+
         Total |  11040 |  10551 |    489 |   2860 |   2772 |  10 | 1104.0 |
       Dungeon |  11040 |  10551 |    489 |   2860 |   2772 |  10 | 1104.0 |
               +--------+--------+--------+--------+--------+-----+--------+

Top non-repeatable levels by time:
     D:7: 1531 daAuts
     D:1: 1325 daAuts
     D:6: 1246 daAuts
     D:8: 1187 daAuts
     D:3: 1169 daAuts
     D:4: 1145 daAuts
     D:9: 1035 daAuts
    D:10: 972 daAuts
     D:5: 716 daAuts
     D:2: 711 daAuts
